 Dungeon Crawl Stone Soup version 0.30-a0-43-gbbf338a72c (webtiles) character file.

Game seed: 17080608083902427223

166 ytrimaz the Stinger (level 5, -1/33 HPs)
             Began as an Octopode Transmuter on Aug 31, 2022.
             Slain by a black bear (6 damage)
             ... on level 4 of the Dungeon.
             The game lasted 00:04:23 (3616 turns).

ytrimaz the Stinger (Octopode Transmuter)           Turns: 3616, Time: 00:04:23

Health: -1/33      AC:  2    Str:  9    XL:     5   Next: 47%
Magic:  15/18      EV: 19    Int: 18    God:
Gold:   162        SH:  0    Dex: 17    Spells: 3/9 levels left

rFire   . . .      SeeInvis .      - Unarmed
rCold   . . .      Faith    .    (shield currently unavailable)
rNeg    . . .      Spirit   .    (helmet currently unavailable)
rPois   x          Reflect  .    (no amulet)
rElec   .          Harm     .    m - ring of magical power
rCorr   .          Rampage  .    (no ring)
Will    .....                    (no ring)
Stlth   ++........               (no ring)
HPRegen 0.11/turn                (no ring)
MPRegen 0.16/turn                (no ring)
                                 (no ring)
                                 (no ring)

@: brilliant, spider-form, invisible
A: venomous fangs, almost no armour, (amphibious), 8 rings, tiny, (camouflage
1), (gelatinous body 1), (nimble swimmer 1), (tentacles)
a: End Transformation


You were on level 4 of the Dungeon.
You were a venomous arachnid creature.
You visited 1 branch of the dungeon, and saw 4 of its levels.

You collected 162 gold pieces.


Innate Abilities, Weirdness & Mutations

You are a venomous arachnid creature.
You have poisonous fangs.
You are tiny and dextrous.
Your spellcasting is less reliable in this form.
Your armour is entirely melded.
You are incapable of wielding weapons or throwing items.
You cannot wear most types of armour.
((You are amphibious.))
You can wear up to eight rings at the same time.
((Your skin changes colour to match your surroundings (Stealth+).))
((Your rubbery body absorbs attacks. (AC +1, EV +1)))
((You are camouflaged when in or above water. (Stealth+)))
((You have tentacles for arms and can constrict up to eight enemies at once.))


   Skills:
 - Level 1.4 Fighting
 - Level 2.3 Dodging
 - Level 3.2 Unarmed Combat
 + Level 2.9 Spellcasting
 + Level 3.1 Transmutations
 * Level 3.4 Poison Magic


You had 3 spell levels left.
You knew the following spells:

 Your Spells              Type           Power      Damage    Failure   Level
a - Beastly Appendage     Tmut           40%        N/A       14%         1
b - Wereblood             Tmut           20%        N/A       19%         2
c - Spider Form           Tmut/Pois      21%        N/A       30%         3

Your spell library contained the following spells:

 Spells                   Type           Power      Damage    Failure   Level
 Foxfire                  Conj/Fire      12%        2x1d4     36%         1
 Inner Flame              Hex/Fire       3%         N/A       67%         3
 Ice Form                 Ice/Tmut       12%        N/A       83%         4
 Cause Fear               Hex            1%         N/A       95%         4
 Discord                  Hex            1%         N/A       100%        8

Inventory:

Missiles
 a - 6 poisoned darts {throwing}
 b - 39 stones {throwing}
Jewellery
 m - a ring of magical power (left front leg)
   (You found it on level 3 of the Dungeon)
Scrolls
 h - a scroll of teleportation {@r4}
 i - 2 scrolls of poison {!r}
 j - a scroll of fear
 k - a scroll of enchant weapon
Potions
 d - 2 potions of resistance
 g - a potion of berserk rage {unknown}
 l - a potion of curing {unknown}
 n - a potion of magic {unknown}

Dungeon Overview and Level Annotations

Branches:
Dungeon (4/15) Zot: 20392
 Temple: D:4-7

Altars:

Shops:
D:2 ?

Annotations:
D:4 Dowan, Duvessa

...##### ....
#e..#..## ......
###.......#
......##.........#
#.##............#
#..............#(.
#...........h.....
#.....eh#....... #
##.....s#...####
#...##....#.....##
.......<###......#
.........###.....#
#..####...#......#
#. ##..#.......# .
..........#
........... .##..


You could see Duvessa (fast, unable to see you), a black bear (unable to see
you) and Dowan (unable to see you).


Message History

Unknown command.
You hit the frilled lizard.
You kill the frilled lizard!
No target in view!
Unknown command.
No target in view!
Your transformation is almost over.
Your transformation has ended. 😎 MP[+3]
Your mp is fully restored (18).
Done exploring.
Unknown command.
Done exploring.
There is an open door here.
There is a stone staircase leading down here.
You climb downwards.
There is a stone staircase leading up here.
An ufetubus comes into view.
An ufetubus is nearby!
An ufetubus is nearby!
Unknown command.
An ufetubus is nearby!
d - 3 silvery potions (gained 1)
There are no items here.
Casting: Spider Form (quite dangerous; 13% risk of failure)
Confirm with . or Enter, or press ? or * to list all spells.
The spell is quite dangerous to miscast (13% risk of failure)!
Continue anyway?
You turn into a venomous arachnid creature. 😎 MP[-3]
You lost 3 mp, and now have 15/18 mp.
Unknown command.
A black bear comes into view.
The ufetubus shouts!
The black bear growls angrily.
You hear a shout!
Dowan, Brother of Duvessa comes into view.
He is wielding a +0 dagger of speed.
Dowan shouts!
The ufetubus attacks as you move away!
The ufetubus hits you but does no damage.
The ufetubus closely misses you.
Dowan casts a spell at something.
The ufetubus completely misses you. x2
You barely miss the ufetubus. The ufetubus hits you. x2 😕 HP[-6]
You take 6 damage, and now have 27/33 hp.
You completely miss the ufetubus.
Duvessa, Sister of Dowan comes into view.
She is wielding a +0 rapier and carrying a wand of flame (16).
The ufetubus hits you.
The ufetubus barely misses you. 😕 HP[-2] MP[+1]
You take 2 damage, and now have 25/33 hp.
Duvessa shouts!
You hit the ufetubus.
The ufetubus is poisoned.
The ufetubus barely misses you. The ufetubus closely misses you.
Duvessa says, "When magic and the sword combine, nothing stands against them."
You hit the ufetubus.
The ufetubus looks as sick as possible!
You kill the ufetubus! 😕 HP[+1] It was a potion of resistance.
You feel protected.
Your transformation is almost over.
Duvessa says, "Did you see that move?
Perfect!"
It was a potion of cancellation.
Your magical effects are unravelling.
You feel magically purged.
Your transformation has ended.
Your resistance to elements expires.
Dowan says, "Where the sword fails, magic succeeds!"
Dowan mumbles some strange words.
Dowan blinks!
The black bear bites you. The black bear closely misses you.
The black bear claws you. 😮 HP[-9]
You take 9 damage, and now have 17/33 hp.
MASSIVE DAMAGE!! (PAUSE) It was a potion of brilliance.
You feel clever all of a sudden. Duvessa closely misses you.
The black bear bites you.
* * * LOW HITPOINT WARNING * * *
The black bear claws you.
* * * LOW HITPOINT WARNING * * *
The black bear closely misses you. Duvessa closely misses you. 😨 HP[-8]
You take 8 damage, and now have 9/33 hp.
MASSIVE DAMAGE!! (PAUSE)
Casting: Spider Form (quite dangerous; 13% risk of failure)
Confirm with . or Enter, or press ? or * to list all spells.
The spell is quite dangerous to miscast (13% risk of failure)!
Continue anyway?
You feel a surge of power!
You turn into a venomous arachnid creature.
Duvessa zaps a wand.
The puff of flame misses you. The black bear misses you.
The black bear claws you.
* * * LOW HITPOINT WARNING * * *
The black bear misses you. 😱 HP[-4] MP[-1]
You take 4 damage, and now have 5/33 hp.
You lost 1 mp, and now have 15/18 mp.
Unknown command.
Unknown command.
It was a potion of invisibility.
You fade into invisibility!
Duvessa misses you. The black bear bites you.
You die...

Skill      XL: |  1  2  3  4  5 |
---------------+----------------+-----
Poison Magic   | 1 2 3 |  3.4
Transmutations | 3 |  3.1
Fighting       | |  1.4
Dodging        | |  2.3
Unarmed Combat | |  3.2
Spellcasting   | |  2.9

Action                   |  1- 3 |  4- 6 || total
-------------------------+-------+-------++-------
Melee: Unarmed           |   105 |    54 ||   159
       Constrict         |    31 |     3 ||    34
       Kick              |    20 |     2 ||    22
       Tentacles         |    12 |     3 ||    15
       Punch             |     4 |     1 ||     5
 Cast: Beastly Appendage |    18 |     2 ||    20
       Spider Form       |     1 |    11 ||    12
  Use: Scroll            |     4 |     1 ||     5
       Potion            |     1 |     5 ||     6
 Stab: Sleeping          |     4 |     2 ||     6
Armor: Skin              |    27 |    10 ||    37
Dodge: Dodged            |    91 |    51 ||   142

Levels and vault maps discovered:
D:1:      dpeg_arrival_pits, layout_basic
D:2:      layout_rooms, serial_shops, shop, minmay_liquid_box
D:3:      layout_basic, shapermc_ecumenical_altar_rom_forum
D:4:      layout_cave_pools, mainiacjoe_overflow_alcove_1, uniq_duvessa

Notes
Turn   | Place    | Note
-------+----------+-------------------------------------------
     0 | D:1      | ytrimaz the Octopode Transmuter began the quest for the
                  | Orb.
     0 | D:1      | Reached XP level 1. HP: 13/13 MP: 3/3
     0 | D:1      | magus.rc [v1.9.6]
   222 | D:1      | HP: 2/13 [hobgoblin (3)]
   225 | D:1      | Reached XP level 2. HP: 6/18 MP: 5/5
  1134 | D:1      | Learned a level 2 spell: Wereblood
  1334 | D:1      | Reached XP level 3. HP: 18/23 MP: 6/6
  1338 | D:1      | Learned a level 3 spell: Spider Form
  1687 | D:2      | Found Miukygee's Magic Scroll Boutique.
  1848 | D:2      | Reached skill level 1 in Poison Magic
  2288 | D:2      | You pick up a book of Hexes and begin reading...
  2288 | D:2      | You add the spells Inner Flame, Cause Fear and Discord to
                  | your library.
  2411 | D:3      | Reached XP level 4. HP: 25/28 MP: 7/7
  2558 | D:3      | Reached skill level 2 in Poison Magic
  2869 | D:3      | Reached XP level 5. HP: 26/33 MP: 9/9
  2974 | D:3      | Reached skill level 3 in Transmutations
  2974 | D:3      | Reached skill level 3 in Poison Magic
  3202 | D:3      | Found a faded altar of an unknown god.
  3214 | D:3      | Got Plato's Handbook of Kindling
  3604 | D:4      | Noticed a black bear
  3605 | D:4      | Noticed Dowan
  3609 | D:4      | Noticed Duvessa
  3615 | D:4      | HP: 5/33 [black bear (4)]
  3616 | D:4      | Slain by a black bear

Vanquished Creatures
  An orc priest (D:3)
  An orc wizard (D:3)
  3 gnolls (D:3)
  An ufetubus (D:4)
  2 worms (D:2)
  2 dart slugs (D:3)
  4 orcs
  8 bats
  4 endoplasms
  3 giant cockroaches
  5 goblins
  5 hobgoblins
  3 jackals (D:3)
  5 kobolds
  2 quokkas
  7 ball pythons
  4 frilled lizards
  7 rats
67 creatures vanquished.

Table legend:
 A = Non-vault XP
 B = Vault XP
 C = Vault XP percentage of total XP
 D = Non-vault monster count
 E = Vault monster count
 F = Vault count percentage of total count
                 A         B        C        D         E       F
            +---------+---------+-------+---------+---------+-------
      Total |     238 |       0 |   0.0 |      67 |       0 |   0.0
            +---------+---------+-------+---------+---------+-------
        D:1 |      34 |       0 |   0.0 |      21 |       0 |   0.0
        D:2 |      43 |       0 |   0.0 |      22 |       0 |   0.0
        D:3 |     153 |       0 |   0.0 |      23 |       0 |   0.0
        D:4 |       8 |       0 |   0.0 |       1 |       0 |   0.0
            +---------+---------+-------+---------+---------+-------

Illustrated notes

Table legend:
 A = Kills in this place as a percentage of kills in entire the game.
 B = Kills by you in this place as a percentage of kills by you in the entire game.
 C = Kills by friends in this place as a percentage of kills by friends in the entire game.
 D = Other kills in this place as a percentage of other kills in the entire game.
 E = Experience gained in this place as a percentage of experience gained in the entire game.
 F = Experience gained in this place divided by the number of levels of this place that you have seen.
                   A       B       C       D       E      F
               +-------+-------+-------+-------+-------+----------------------
         Total | 100.0 | 100.0 |   N/A |   N/A | 100.0 |  59.5
       Dungeon | 100.0 | 100.0 |   N/A |   N/A | 100.0 |  59.5
               +-------+-------+-------+-------+-------+----------------------

Table legend: (Time is in decaauts)
 A = Elapsed time spent in this place.
 B = Non-inter-level travel time spent in this place.
 C = Inter-level travel time spent in this place.
 D = Time resting spent in this place.
 E = Time spent auto-exploring this place.
 F = Levels seen in this place.
 G = Mean time per level.
                   A        B        C        D        E       F      G
               +--------+--------+--------+--------+--------+-----+--------+
         Total |   3607 |   3518 |     89 |    202 |   2738 |   4 |  901.8 |
       Dungeon |   3607 |   3518 |     89 |    202 |   2738 |   4 |  901.8 |
               +--------+--------+--------+--------+--------+-----+--------+

Top non-repeatable levels by time:
     D:1: 1541 daAuts
     D:3: 1045 daAuts
     D:2: 999 daAuts
     D:4: 20 daAuts
